AoeStats
← ostojiic

Arena

508682899Analyzed
1v1 RM · 8d ago on Sep 23, 2026· 44m 58s· 2 players
Game mode
Random Map
Map size
Tiny (2 player)
Population
200
Speed
Normal
Resources
Standard
Victory
Conquest
Starting age
Dark Age
Ending age
Imperial Age
RankedLock teamsTeams togetherTeam positionsShared explorationLock speedFull tech treeHidden civsTurbo modeCheats
Victory
Defeat
🇺🇸 Franks · United States
540
+13
🇧🇦 Goths · Bosnia & Herzegovina
477
-13
ostojiic
12:27 Feudal Age
12:18 Loom
15:06 Wheelbarrow
14:23 Double-Bit Axe
18:46 Horse Collar
19:38 Forging
19:29 Scale Mail Armor
20:35 Man-at-Arms
24:15 Castle Age
25:28 Stone Mining
26:10 Squires
25:31 Pikeman
26:50 Hand Cart
28:34 Iron Casting
28:15 Chain Mail Armor
32:17 Stone Shaft Mining
32:16 Bow Saw
35:16 Anarchy
35:56 Heavy Plow
41:35 Imperial Age
44:01 Imperial Age
daddywander
2:45 Loom
9:49 Feudal Age
10:46 Double-Bit Axe
10:58 Gold Mining
15:06 Wheelbarrow
19:18 Castle Age
17:42 Stone Mining
19:06 Scale Barding Armor
19:12 Forging
20:41 Bow Saw
21:09 Hand Cart
24:26 Town Watch
26:40 Town Patrol
28:35 Husbandry
34:11 Imperial Age
35:29 Gold Shaft Mining
36:33 Chain Barding Armor
36:49 Iron Casting
35:38 Cavalier
36:47 Elite Throwing Axeman
39:26 Paladin
41:45 Chemistry
41:05 Ballistics
40:37 Guard Tower
Connection lost

Rejoining the realm…

Still unreachable

The connection could not be restored.

Session expired

The server has moved on; the page needs a fresh start.